 Dungeon Crawl Stone Soup version 0.29.1-1-gd02db6906a (webtiles) character file.

Game seed: 16357747503323995047

32 keekatzer the Sneak (level 3, -3/32 HPs)
             Began as a Naga Warper on Sept 24, 2022.
             Slain by a hobgoblin (4 damage)
             ... led by Robin
             ... on level 2 of the Dungeon.
             The game lasted 00:06:53 (1701 turns).

keekatzer the Sneak (Naga Warper)                   Turns: 1701, Time: 00:06:54

Health: -3/32      AC:  2    Str: 13    XL:     3   Next: 27%
Magic:  6/6        EV:  9    Int: 13    God:
Gold:   127        SH:  0    Dex: 12    Spells: 4/6 levels left

rFire   . . .      SeeInvis +   a - +0 short sword
rCold   . . .      Faith    .   (no shield)
rNeg    . . .      Spirit   .   b - +0 leather armour
rPois   +          Reflect  .   (no helmet)
rElec   .          Harm     .   (no cloak)
rCorr   .          Rampage  .   (no gloves)
Will    .....                   (no barding)
Stlth   ++........              j - amulet of magic regeneration
HPRegen 0.10/turn               (no ring)
MPRegen 0.50/turn               (no ring)

@: very slow
A: AC +1, large, see invisible, deformed body, poison resistance, slowness 2,
spit poison 1, naga tail 1
a: Spit Poison


You were on level 2 of the Dungeon.
You visited 1 branch of the dungeon, and saw 2 of its levels.

You collected 127 gold pieces.

Inventory:

Hand Weapons
 a - a +0 short sword (weapon)
 e - a +0 mace of distortion
 g - a +0 dagger
Missiles
 d - 7 boomerangs of dispersal (quivered)
Armour
 b - a +0 leather armour (worn)
Jewellery
 h - an amulet of faith
 j - an amulet of magic regeneration (around neck)
Scrolls
 c - a scroll of blinking
 f - a scroll of identify {unknown}
Potions
 i - a potion of heal wounds
 k - a potion of resistance {unknown}


   Skills:
 + Level 2.2 Fighting
 - Level 2.0 Short Blades
 - Level 0.8 Throwing
 - Level 0.7 Armour
 - Level 1.5 Dodging
 + Level 4.3 Stealth
 - Level 2.0 Spellcasting
 - Level 3.0 Translocations


You had 4 spell levels left.
You knew the following spells:

 Your Spells              Type           Power      Damage    Failure   Level
a - Blink                 Tloc           18%        N/A       14%         2

Your spell library contained the following spells:

 Spells                   Type           Power      Damage    Failure   Level
 Gell's Gravitas          Tloc           9%         N/A       28%         3
 Lesser Beckoning         Tloc           9%         N/A       28%         3
 Teleport Other           Tloc           9%         N/A       28%         3
 Manifold Assault         Tloc           9%         N/A       95%         5


Dungeon Overview and Level Annotations

Branches:
Dungeon (2/15)

Altars:

Annotations:
D:2 Robin


Innate Abilities, Weirdness & Mutations

Your serpentine skin is tough. (AC +1)
You have supernaturally acute eyesight. (SInv)
Armour fits poorly on your strangely shaped body.
Your system is resistant to poisons. (rPois)
You cover ground very slowly.
You can spit poison.
You have a snake-like lower body.


Message History

You feel stable enough to blink again. Robin barely misses you.
The goblin hits you with a +0 dagger.
* * * LOW HITPOINT WARNING * * *
It was a potion of heal wounds.
You feel much better. Robin throws the goblin at you!
The goblin barely misses you.
The goblin shouts!
Okay, then.
Casting: Blink (safe; 14% risk of failure)
Confirm with . or Enter, or press ? or * to list all spells.
You miscast Blink.
You are very lightly contaminated with residual magic.
Nothing appears to happen.
A hobgoblin comes into view.
The goblin hits you but does no damage. The goblin closely misses you.
Casting: Blink (safe; 14% risk of failure)
Confirm with . or Enter, or press ? or * to list all spells.
You blink.
A goblin comes into view. It is wielding a +0 dagger.
Robin throws the goblin at you!
Unknown command.
Robin roars a battlecry!
The goblins go into a battle-frenzy!
The goblin unwields a +0 dagger.
The goblin wields a +1 vorpal sling.
The goblin shoots a sling bullet.
The sling bullet hits you. The goblin hits you but does no damage.
You have got your breath back.
The goblin shoots a sling bullet.
The sling bullet hits you!
You feel stable enough to blink again. The goblin hits you with a +0 dagger.
The goblin barely misses you.
Robin roars a battlecry!
The goblin goes into a battle-frenzy!
Your magical contamination has completely faded away.
The hobgoblin attacks as you move away! The hobgoblin hits you.
* * * LOW HITPOINT WARNING * * *
The goblin attacks as you move away! The goblin hits you with a +0 dagger.
* * * LOW HITPOINT WARNING * * *
The hobgoblin hits you.
* * * LOW HITPOINT WARNING * * *
The hobgoblin hits you.
You die...

g#...... .?..... ......# .......
#g.... ..# ...... .... #.##.#
.... #### . .†###.##.# ... .....
.######...#.##.# #.# #########
........#...##.# ##.# #... ...
########....##.#####..###.# #..
.....)....g...gg@>........# ..
.#####.......ggg#########.######.
......)......g..####.............
#...............#............>...
#...............#................
............#####....#.#.........
............# #....#.#........#
............# #....#+#.########
............# #..#.#.#.# ##


You could see Robin, 2 hobgoblins and 4 goblins.

Vanquished Creatures
  A worm (D:2)
  A dart slug (D:1)
  4 ball pythons (D:1)
  An endoplasm (D:1)
  A giant cockroach (D:1)
  2 goblins
  5 hobgoblins
  2 jackals (D:1)
  A quokka (D:1)
  3 bats (D:1)
  2 kobolds
  A rat (D:1)
24 creatures vanquished.

Notes
Turn   | Place    | Note
-------+----------+-------------------------------------------
     0 | D:1      | keekatzer the Naga Warper began the quest for the Orb.
     0 | D:1      | Reached XP level 1. HP: 19/19 MP: 3/3
    32 | D:1      | Reached skill level 1 in Stealth
   114 | D:1      | Reached skill level 2 in Stealth
   116 | D:1      | Reached XP level 2. HP: 15/26 MP: 5/5
   271 | D:1      | Reached skill level 3 in Stealth
   301 | D:1      | Learned a level 2 spell: Blink
   553 | D:1      | HP: 1/26 [bat (1)]
   972 | D:1      | Reached skill level 4 in Stealth
  1039 | D:1      | Reached XP level 3. HP: 32/32 MP: 6/6
  1216 | D:2      | Found a faded altar of an unknown god.
  1676 | D:2      | Noticed Robin
  1701 | D:2      | HP: 1/32 [hobgoblin[Robin] (5)]
  1701 | D:2      | Slain by a hobgoblin

Illustrated notes

Levels and vault maps discovered:
D:1:      minmay_arrival_open_corners, layout_loops_corners, corner_web_ring
D:2:      cheibrodos_greedy_goblins, layout_basic, serial_co_window_serial,
          co_window_corner_a, co_window_of_opportunity_a, co_window_paths_a,
          co_window_of_opportunity_a, co_window_paths_a, co_window_paths_a,
          co_window_paths_a, co_window_paths_c, co_window_corner_cb,
          co_window_corner_cb, co_window_corner_cb, co_window_of_opportunity_b,
          glass_columns_a, glass_columns_a, glass_columns_b, glass_columns_a,
          glass_columns_a, hellmonk_ecumenical_altar_arch_garden, uniq_robin

Skill      XL: |  1  2 |
---------------+-------+-----
Stealth        | 2 4 |  4.3
Fighting       | |  2.2
Short Blades   | |  2.0
Throwing       | |  0.8
Armour         | |  0.7
Dodging        | |  1.5
Spellcasting   | |  2.0
Translocations | |  3.0

Action                   || total
-------------------------++-------
Melee: Short sword       ||    97
       Punch             ||     1
 Cast: Blink             ||     4
 Abil: Spit Poison       ||    18
  Use: Potion            ||     1
 Stab: Sleeping          ||     1
Armor: Leather armour    ||    32
Dodge: Dodged            ||    75
